 Dungeon Crawl Stone Soup version 0.30-a0-672-gc3a7216ad8 (webtiles) character file.

Game seed: 17004331896591823022

147 vineage the Trooper (level 5, -2/35 HPs)
             Began as a Gargoyle Fighter on Jan 18, 2023.
             Slain by an ogre
             ... wielding a +0 giant club
              (8 damage)
             ... on level 3 of the Dungeon.
             The game lasted 00:02:44 (2415 turns).

vineage the Trooper (Gargoyle Fighter)              Turns: 2415, Time: 00:02:45

Health: -2/35      AC: 11    Str: 21    XL:     5   Next: 29%
Magic:  5/5        EV:  9    Int:  9    God:
Gold:   123        SH:  4    Dex:  9    Spells: 4/4 levels left

rFire   . . .      SeeInvis .    g - +2 dagger (speed)
rCold   . . .      Faith    .    c - +0 buckler
rNeg    + . .      Spirit   .    b - +0 scale mail
rPois   ∞          Reflect  .    (no helmet)
rElec   +          Harm     .    (no cloak)
rCorr   .          Rampage  .    (no gloves)
Will    .....                    (no boots) Stlth
                                 (no amulet)
HPRegen 0.25/turn                (no ring)
MPRegen 0.09/turn                (no ring)

@: no status effects
A: sickness immunity, AC +4, negative energy resistance 1, electricity
resistance, torment resistance 1, petrification resistance
a: no special abilities


You were on level 3 of the Dungeon.
You visited 1 branch of the dungeon, and saw 3 of its levels.

You collected 123 gold pieces.

Inventory:

Hand Weapons
 a - a +0 flail
 g - a +2 dagger of speed (weapon)
Armour
 b - a +0 scale mail (worn)
 c - a +0 buckler (worn)
Scrolls
 f - 3 scrolls of identify {unknown}
 h - 6 scrolls of fog {unknown}
 i - 3 scrolls of enchant armour {unknown}
 l - 2 scrolls of amnesia {unknown}
 m - a scroll of teleportation {unknown}
 p - 2 scrolls of magic mapping {unknown}
 q - a scroll of brand weapon {unknown}
 s - a scroll of noise {unknown}
Potions
 e - a potion of degeneration {unknown}
 j - a potion of brilliance
 n - a potion of heal wounds {unknown}
 o - a potion of attraction {unknown}
 r - 2 potions of flight {unknown}


   Skills:
 * Level 5.5 Fighting
 - Level 2.0 Maces & Flails
 + Level 4.5 Armour
 - Level 3.2 Shields


You had 4 spell levels left.
You didn't know any spells.
Your spell library was empty.

Dungeon Overview and Level Annotations

Branches:
Dungeon (3/15)

Altars:


Innate Abilities, Weirdness & Mutations

You are immune to sickness and miasma.
Your stone body is resilient. (AC +4)
You are immune to poison.
You resist negative energy. (rN+)
You are resistant to electric shocks. (rElec)
You are resistant to unholy torment.
You are immune to petrification.


Message History

The goblin barely misses you.
You hit the goblin.
You kill the goblin!
The ogre hits you but does no damage.
You see here a +0 dagger.
You hit the ogre.
The ogre is lightly wounded.
You hit the ogre.
The ogre is lightly wounded.
The ogre barely misses you.
You hit the ogre.
The ogre is moderately wounded.
Items here: )))).
You see here a +0 club.
There is a stone staircase leading up here.
You hit the ogre.
The ogre is moderately wounded.
The ogre hits you with a +0 giant club!!
Ouch! That really hurt!
You feel better.
You hit the ogre but do no damage.
The ogre is moderately wounded.
The ogre hits you with a +0 giant club!
* * * LOW HITPOINT WARNING * * *
You hit the ogre but do no damage.
The ogre is moderately wounded.
You hit the ogre.
The ogre is heavily wounded.
The ogre closely misses you.
You hit the ogre.
The ogre is heavily wounded.
You barely miss the ogre.
The ogre is heavily wounded.
The ogre closely misses you.
You hit the ogre.
The ogre is severely wounded.
You hit the ogre.
The ogre is severely wounded.
The ogre hits you with a +0 giant club!
You die...

#. ##. #.. ##.g
#... #####g..
#...÷)..
###########.####..
#@Ogg...)......###
############....##
#.g.#....#
#.gg'....#
#ggg#....#
#######+##


You could see an ogre and 2 goblins.

Vanquished Creatures
  Terence (D:3)
  Natasha (D:3)
  4 gnolls
  2 adders
  4 ball pythons
  5 endoplasms
  A giant cockroach (D:1)
  8 goblins
  4 hobgoblins
  3 jackals (D:2)
  A quokka (D:1)
  3 bats
  A frilled lizard (D:3)
  3 kobolds
41 creatures vanquished.

Notes
Turn   | Place    | Note
-------+----------+-------------------------------------------
     0 | D:1      | vineage the Gargoyle Fighter began the quest for the Orb.
     0 | D:1      | Reached XP level 1. HP: 14/14 MP: 1/1
    62 | D:1      | Found a faded altar of an unknown god.
   211 | D:1      | Reached XP level 2. HP: 20/20 MP: 2/2
   425 | D:1      | Reached skill level 4 in Fighting
   919 | D:2      | Reached XP level 3. HP: 24/24 MP: 3/3
  1435 | D:3      | Noticed Terence
  1485 | D:3      | Killed Terence
  1486 | D:3      | Reached XP level 4. HP: 4/30 MP: 4/4
  1611 | D:3      | Noticed Natasha
  1635 | D:3      | Killed Natasha
  1636 | D:3      | Reached skill level 5 in Fighting
  1834 | D:2      | Reached XP level 5. HP: 17/35 MP: 5/5
  2363 | D:3      | Noticed an ogre
  2415 | D:3      | Slain by an ogre

Illustrated notes

Levels and vault maps discovered:
D:1:      saegor_arrival_under_anarchy, layout_basic, serial_aquarium,
          aquarium_bridge_square [aquarium_subvault_bridge,
          aquarium_subvault_bridge, aquarium_subvault_balcony,
          aquarium_subvault_bridge], aquarium_window_1, aquarium_window_2,
          aquarium_window_fake, aquarium_view_2b, aquarium_pool_1,
          ebering_ecumenical_altar_box, grunt_decor_mini_mirrors
D:2:      layout_basic
D:3:      minmay_skewed_foursquare, layout_basic, minmay_ogre_servants,
          uniq_terence, uniq_natasha

Skill      XL: |  1  2  3  4 |
---------------+-------------+-----
Fighting       | 4 5 |  5.5
Armour         | 4 |  4.5
Maces & Flails | |  2.0
Shields        | |  3.2

Action                   |  1- 3 |  4- 6 || total
-------------------------+-------+-------++-------
Melee: Dagger            |   160 |   124 ||   284
       Flail             |     5 |       ||     5
  Use: Potion            |       |     4 ||     4
Armor: Scale mail        |    51 |    31 ||    82
Dodge: Dodged            |    53 |    51 ||   104
Block: Buckler           |    22 |    12 ||    34

Table legend: (Time is in decaauts)
 A = Elapsed time spent in this place.
 B = Non-inter-level travel time spent in this place.
 C = Inter-level travel time spent in this place.
 D = Time resting spent in this place.
 E = Time spent auto-exploring this place.
 F = Levels seen in this place.
 G = Mean time per level.
                   A        B        C        D        E       F      G
               +--------+--------+--------+--------+--------+-----+--------+
         Total |   2328 |   2295 |     33 |    496 |   1393 |   3 |  776.0 |
       Dungeon |   2328 |   2295 |     33 |    496 |   1393 |   3 |  776.0 |
               +--------+--------+--------+--------+--------+-----+--------+

Top non-repeatable levels by time:
     D:2: 1041 daAuts
     D:1: 801 daAuts
     D:3: 485 daAuts
